 Dungeon Crawl Stone Soup version 0.23.2-1-ga50397a (webtiles) character file.

Game seed: 791744611492410404

11000 cab the Earth Mage (level 11, -3/64 HPs)
             Began as a Gargoyle Earth Elementalist on May 28, 2019.
             Was a Follower of Vehumet.
             Slain by a basilisk (10 damage)
             ... on level 3 of the Lair of Beasts.
             The game lasted 01:08:15 (18015 turns).

cab the Earth Mage (Gargoyle Earth Elementalist)   Turns: 18015, Time: 01:08:16

Health: -3/64      AC: 13    Str: 12    XL:     11   Next: 70%
Magic:  17/22      EV: 13    Int: 19    God:    Vehumet [*.....]
Gold:   582        SH:  0    Dex: 10    Spells: 15/24 levels left

rFire    + . .     SeeInvis .   B - +1 morningstar
rCold    . . .     Gourm    .   (no shield)
rNeg     + . .     Faith    .   c - +0 robe
rPois    ∞         Spirit   .   U - +0 hat
rElec    +         Reflect  .   (no cloak)
rCorr    .         Harm     .   y - +2 pair of gloves
MR       .....                  (no boots)
Stlth    +++.......             (no amulet)
HPRegen  0.20/turn              e - ring of stealth
MPRegen  0.18/turn              H - ring of protection from fire

@: no status effects
A: negative energy resistance 1, electricity resistance, unbreathing,
petrification resistance, rot immunity, AC +8
a: Renounce Religion


You were on level 3 of the Lair of Beasts.
You worshipped Vehumet.
Vehumet was aware of your devotion.
You were not hungry.

You visited 3 branches of the dungeon, and saw 15 of its levels.

You collected 672 gold pieces.
You spent 90 gold pieces at shops.

Inventory:

Hand Weapons
 B - a +1 morningstar (weapon)
 C - a +0 dire flail
 I - a +2 mace of protection
Missiles
 b - 95 stones (quivered)
Armour
 c - a +0 robe (worn)
 j - a +0 leather armour
 y - a +2 pair of gloves (worn)
 z - a +0 pair of gloves of strength
 G - a +0 cloak
 S - a +0 buckler
 U - a +0 hat (worn)
Jewellery
 e - a ring of stealth (left hand)
 F - an uncursed ring of ice
 H - a ring of protection from fire (right hand)
 T - an uncursed ring of magical power {unknown}
Wands
 w - a wand of clouds (5)
 E - a wand of enslavement (13)
 P - a wand of iceblast (9)
 R - a wand of random effects (14)
Scrolls
 f - 4 scrolls of remove curse
 k - a scroll of random uselessness {unknown}
 n - a scroll of amnesia
 o - 2 scrolls of fog {unknown}
 p - 5 scrolls of teleportation
 q - a scroll of summoning {unknown}
 s - 4 scrolls of magic mapping
 u - a scroll of noise {unknown}
 D - a scroll of silence {unknown}
 J - a scroll of blinking {unknown}
 K - 5 scrolls of identify
 L - 2 scrolls of enchant armour
 M - a scroll of fear {unknown}
 V - a scroll of enchant weapon
 W - a scroll of vulnerability {unknown}
Potions
 a - a potion of flight
 g - 2 potions of cancellation {unknown}
 h - 2 potions of lignification
 i - a potion of ambrosia {unknown}
 l - a potion of resistance {unknown}
 m - 3 potions of heal wounds
 r - 2 potions of mutation
 t - a potion of berserk rage
 v - 2 potions of curing
 x - 4 potions of brilliance
 A - 5 potions of agility
 N - 2 potions of invisibility
 Q - 9 potions of degeneration
Miscellaneous
 O - a phantom mirror
Comestibles
 d - 24 rations


   Skills:
 + Level 5.7 Fighting
 - Level 3.0 Maces & Flails
 - Level 4.1 Dodging
 - Level 2.1 Stealth
 * Level 3.8 Shields
 + Level 7.4 Spellcasting
 - Level 5.2 Conjurations
   Level 0.7 Transmutations
 + Level 15.1 Earth Magic


You had 15 spell levels left.
You knew the following spells:

 Your Spells              Type           Power        Failure   Level  Hunger
a - Sandblast             Erth           ######       1%          1    None
b - Stone Arrow           Conj/Erth      #####.       1%          3    #......
c - Lee's Rapid Deconstr  Erth           ######....   1%          5    #####..

Your spell library contained the following spells:

 Spells                   Type           Power        Failure   Level  Hunger
 Freeze                   Ice            #...         10%         1    None
 Passwall                 Tmut/Erth      #####...     1%          2    None
 Petrify                  Tmut/Erth      #####...     3%          4    ###....
 Leda's Liquefaction      Hex/Erth       #####.....   4%          4    ###....
 Beastly Appendage        Tmut           #.....       7%          1    None
 Animate Skeleton         Necr           N/A          10%         1    None
 Apportation              Tloc           #.....       10%         1    None
 Confusing Touch          Hex            #.....       10%         1    None
 Corona                   Hex            #......      10%         1    None
 Summon Small Mammal      Summ           #...         10%         1    None
 Sticks to Snakes         Tmut           #.......     11%         2    None
 Slow                     Hex            #.......     14%         2    None
 Spider Form              Tmut/Pois      #.........   26%         3    #......
 Confuse                  Hex            #.......     28%         3    #......
 Gell's Gravitas          Tloc           #.........   28%         3    #......
 Inner Flame              Hex/Fire       #.......     28%         3    #......
 Portal Projectile        Hex/Tloc       #.....       28%         3    #......
 Ice Form                 Ice/Tmut       #.......     63%         4    ###....
 Cause Fear               Hex            #.........   67%         4    ###....
 Blade Hands              Tmut           #.........   89%         5    #####..
 Yara's Violent Unravell  Hex/Tmut       #.........   93%         5    #####..
 Metabolic Englaciation   Hex/Ice        #.........   95%         5    #####..


Dungeon Overview and Level Annotations

Branches:
Dungeon (10/15)            Temple (1/1) D:7            Lair (4/6) D:10
 Shoals (0/4) Lair:2          Orc (0/2) D:9
  Snake: Lair:2-4    Spider: Lair:2-4

Altars:
Ashenzari
Cheibriados
Dithmenos
Elyvilon
Fedhas
Gozag
Hepliaklqana
Kikubaaqudgha
Makhleb
Nemelex Xobeh
Okawaru
Qazlal
Ru
Sif Muna
Trog
Uskayaw
Vehumet
Wu Jian
Xom
Yredelemnul
Zin
The Shining One

Shops:
D:6 [   D:8 %

Annotations:
D:6 1 runed translucent door, DKeggars's ghost, novice DsBe


Innate Abilities, Weirdness & Mutations

You are resistant to torment.
Your stone body is resilient. (AC +8)
You are immune to poison.
You resist negative energy. (rN+)
You are resistant to electric shocks. (rElec)
You can survive without breathing.
You are immune to petrification.
You are immune to rotting.


Message History

Casting: Sandblast (safe; 1% risk of failure)
Confirm with . or Enter, or press ? or * to list all spells.
Aiming: Sandblast (safe; 1% risk of failure)
Press: ? - help, Shift-Dir - straight line, f - wyvern
Aim: a wyvern The blast of sand hits the wyvern!
The wyvern is heavily wounded.
b - 96 stones The wyvern bites you but does no damage.
The basilisk barely misses you. The wyvern misses you.
Casting: Sandblast (safe; 1% risk of failure)
Confirm with . or Enter, or press ? or * to list all spells.
Aiming: Sandblast (safe; 1% risk of failure)
Press: ? - help, Shift-Dir - straight line, f/p - wyvern
Aim: a wyvern (heavily wounded)
The blast of sand misses the wyvern.
b - 95 stones The wyvern bites you but does no damage.
The basilisk bites you!
You die...

### ###..##### ####
#........# #..#
#........# #..#
#......@.## ##..##
......ll†.# #....#
#.........# #...#####
..........####....#..##.
#........#..##..........
........................
.................P..#...
P..........#P##..#### #.
#.###...#..####...# .


You could see a basilisk and a wyvern.

Vanquished Creatures
  A two-headed ogre (D:7)
  Nergalle (D:10)
  A black mamba (Lair:1)
  2 spiny frogs (Lair:1)
  2 komodo dragons
  A polar bear (Lair:2)
  4 blink frogs (Lair:3)
  2 hippogriffs
  Sigmund (D:4)
  A spriggan (D:10)
  3 basilisks
  A wyvern (D:10)
  A hungry ghost (D:7)
  Menkaure (D:6)
  2 water moccasins (Lair:2)
  4 orc warriors
  A porcupine (Lair:2)
  A black bear (Lair:2)
  3 sky beasts
  2 swamp drakes
  An ice beast (D:7)
  3 phantoms
  A necrophage (D:10)
  5 wolves (Lair:2)
  3 ogres
  7 crocodiles
  A big kobold (D:5)
  3 centaurs
  7 bullfrogs
  2 gnoll sergeants (D:6)
  A water moccasin zombie (D:8)
  2 scorpions
  A wyvern skeleton (D:7)
  5 wights (D:4)
  4 howler monkeys
  3 crimson imps
  A centaur zombie (D:10)
  4 jellies
  2 quasits
  A bullfrog zombie (D:7)
  5 hounds
  A centaur skeleton (D:9)
  9 orc priests
  Crazy Yiuf (D:7)
  8 orc wizards
  An iguana (D:6)
  9 worker ants
  A worker ant zombie (D:6)
  20 gnolls
  A howler monkey skeleton (D:8)
  10 adders
  2 adder skeletons
  An adder zombie (D:6)
  4 worms
  3 dart slugs
  8 leopard geckos
  34 orcs
  A ball python (D:5)
  3 giant cockroaches
  3 goblins
  4 hobgoblins
  8 jackals (D:1)
  31 kobolds
  2 quokkas
  7 bats
  8 frilled lizards
  A leopard gecko skeleton (D:7)
  A quokka zombie (D:5)
  9 rats
  A plant (D:2)
289 creatures vanquished.

Vanquished Creatures (others)
  A fungus (Lair:2)
  2 plants (D:2)
3 creatures vanquished.

Grand Total: 292 creatures vanquished

Notes
Turn   | Place    | Note
-------+----------+-------------------------------------------
     0 | D:1      | cab the Gargoyle Earth Elementalist began the quest for the
                  | Orb.
     0 | D:1      | Reached XP level 1. HP: 10/10 MP: 3/3
    68 | D:1      | Reached skill level 4 in Earth Magic
   340 | D:1      | Reached XP level 2. HP: 15/15 MP: 1/5
   929 | D:1      | Reached XP level 3. HP: 17/19 MP: 4/6
   943 | D:1      | Learned a level 3 spell: Stone Arrow
  1944 | D:2      | Reached skill level 5 in Earth Magic
  2021 | D:2      | Noticed an ogre
  2028 | D:2      | Reached XP level 4. HP: 24/24 MP: 5/7
  2034 | D:2      | Killed an ogre
  2034 | D:2      | Reached skill level 1 in Conjurations
  2034 | D:2      | Reached XP level 5. HP: 13/28 MP: 2/9
  2480 | D:2      | Found an ancient bone altar of Kikubaaqudgha.
  3412 | D:3      | Found a shimmering altar of Xom.
  3697 | D:3      | Reached XP level 6. HP: 29/32 MP: 11/11
  4135 | D:4      | Reached skill level 6 in Earth Magic
  4396 | D:4      | Noticed a phantom
  4411 | D:4      | Killed a phantom
  4551 | D:4      | Noticed Sigmund
  4558 | D:4      | Killed Sigmund
  4558 | D:4      | Reached skill level 7 in Earth Magic
  4558 | D:4      | Reached XP level 7. HP: 25/36 MP: 7/14
  4857 | D:4      | Reached skill level 5 in Spellcasting
  4990 | D:4      | Reached XP level 8. HP: 41/41 MP: 9/15
  4996 | D:4      | Reached skill level 8 in Earth Magic
  5019 | D:4      | Learned a level 5 spell: Lee's Rapid Deconstruction
  5512 | D:5      | Entered Level 5 of the Dungeon
  6320 | D:5      | Reached skill level 9 in Earth Magic
  6828 | D:5      | Found a stormy altar of Qazlal.
  6828 | D:5      | Found a hazy altar of Hepliaklqana.
  6995 | D:6      | Found a runed translucent door.
  6996 | D:6      | Noticed DKeggars's ghost (novice DsBe)
  7519 | D:6      | Reached skill level 10 in Earth Magic
  7645 | D:6      | Noticed Menkaure
  7747 | D:6      | Found Gaesed's Antique Armour Boutique.
  7894 | D:6      | Reached XP level 9. HP: 46/46 MP: 14/16
  7967 | D:6      | Reached skill level 11 in Earth Magic
  8079 | D:6      | Killed Menkaure
  8547 | D:7      | Reached skill level 1 in Fighting
  8980 | D:7      | Reached skill level 5 in Conjurations
  9051 | D:7      | Reached skill level 12 in Earth Magic
  9473 | D:7      | Found Zin's Purification Station.
  9543 | D:7      | Found a glowing silver altar of Zin.
  9549 | D:7      | Bought a potion of curing for 90 gold pieces
  9667 | D:7      | Found a runed translucent door.
  9713 | D:7      | Noticed Crazy Yiuf
  9717 | D:7      | Killed Crazy Yiuf
  9799 | D:7      | Found a staircase to the Ecumenical Temple.
  9864 | Temple   | Entered the Ecumenical Temple
 10071 | Temple   | Became a worshipper of Vehumet
 10181 | D:7      | Found a snail-covered altar of Cheibriados.
 10305 | D:8      | Reached skill level 1 in Maces & Flails
 10973 | D:8      | Reached XP level 10. HP: 56/56 MP: 5/17
 11165 | D:8      | Found Nuisan's Food Shop.
 11186 | D:8      | Noticed a two-headed ogre
 11315 | D:7      | Killed a two-headed ogre
 11744 | D:8      | Reached skill level 5 in Fighting
 12678 | D:8      | Found a burning altar of Makhleb.
 12962 | D:9      | Reached skill level 13 in Earth Magic
 13168 | D:9      | Found an opulent altar of Gozag.
 13933 | D:9      | Reached * piety under Vehumet
 13933 | D:9      | Offered knowledge of Freeze by Vehumet.
 14035 | D:9      | Found a staircase to the Orcish Mines.
 14335 | D:10     | Entered Level 10 of the Dungeon
 14744 | D:10     | Reached skill level 14 in Earth Magic
 15295 | D:10     | Reached skill level 1 in Shields
 15374 | D:10     | Found a staircase to the Lair.
 15386 | D:10     | Reached XP level 11. HP: 64/64 MP: 16/19
 15867 | Lair:1   | Entered Level 1 of the Lair of Beasts
 16194 | Lair:1   | Noticed Nergalle
 16407 | D:10     | Killed Nergalle
 16722 | Lair:1   | You fall through a shaft!
 16751 | Lair:2   | Found a gate leading to a gauntlet.
 17627 | Lair:2   | Reached skill level 15 in Earth Magic
 17776 | Lair:2   | Found a staircase to the Shoals.
 17933 | Lair:2   | You fall through a shaft for 2 floors!
 18015 | Lair:3   | Slain by a basilisk

Skill      XL: |  1  2  3  4  5  6  7  8  9 10 11 |
---------------+----------------------------------+-----
Earth Magic    | 4 5 7 10 12 14 15 | 15.1
Spellcasting   | 3 4 5 7 |  7.4
Conjurations   | 1 2 3 4 5 |  5.2
Fighting       | 3 5 |  5.7
Maces & Flails | 2 3 |  3.0
Dodging        | 2 4 |  4.1
Shields        | 1 3 |  3.8
Stealth        | |  2.1
Transmutations | |  0.7

Action                   |  1- 3 |  4- 6 |  7- 9 | 10-12 || total
-------------------------+-------+-------+-------+-------++-------
Melee: Club              |    91 |   142 |     9 |       ||   242
       Morningstar       |       |       |    35 |    79 ||   114
 Cast: Sandblast         |    30 |    52 |   135 |   191 ||   408
       Stone Arrow       |       |    11 |    47 |    45 ||   103
       Lee's Rapid Decon |       |       |     7 |     7 ||    14
  Use: Scroll            |       |       |    12 |     3 ||    15
       Potion            |       |       |       |     3 ||     3
 Stab: Sleeping          |     1 |     1 |       |       ||     2
  Eat: Chunk             |     4 |     9 |    24 |    20 ||    57
       Ration            |       |       |       |     2 ||     2
Armor: Robe              |    50 |    30 |    44 |   135 ||   259
Dodge: Dodged            |    93 |    52 |    96 |   184 ||   425
